 Dungeon Crawl Stone Soup version 0.31-a0-263-ge8cad7f256 (webtiles) character file.

Game seed: 2331672872828838944

31 qw the Shooter (level 3, -2/21 HPs)
             Began as a Gargoyle Hexslinger on July 13, 2023.
             Slain by Sigmund
             ... wielding a +0 scythe
              (8 damage)
             ... on level 2 of the Dungeon.
             The game lasted 00:01:25 (1220 turns).

qw the Shooter (Gargoyle Hexslinger)                Turns: 1220, Time: 00:01:26

Health: -2/21      AC:  5    Str: 11    XL:     3   Next: 22%
Magic:  4/4        EV: 12    Int: 13    God:
Gold:   42         SH:  0    Dex: 14    Spells: 3/4 levels left

rFire   . . .        Y - +1 sling
rCold   . . .        (no shield)
rNeg    + . .        c - +0 robe
rPois   inf          (no helmet)
rElec   +            (no cloak)
rCorr   .            (no gloves)
SInv    .            (no boots)
Will    .....        (no amulet)
Stlth   +            (no ring)
HPRegen 0.23/turn    (no ring)
MPRegen 0.09/turn

%: no passive effects
@: no status effects
A: sickness immunity, AC +3, negative energy resistance 1, electricity
resistance, torment resistance 1, petrification resistance
a: no special abilities


You were on level 2 of the Dungeon.
You visited 1 branch of the dungeon, and saw 2 of its levels.

You collected 42 gold pieces.


Innate Abilities, Weirdness & Mutations

You are immune to sickness and miasma.
Your stone body is resilient. (AC +3)
You are immune to poison.
You resist negative energy. (rN+)
You are resistant to electric shocks. (rElec)
You are resistant to unholy torment.
You are immune to petrification.


   Skills:
 - Level 2.0 Fighting
 + Level 3.2 Ranged Weapons
 - Level 1.5 Dodging
 - Level 1.0 Spellcasting
 - Level 2.6 Hexes


You had 3 spell levels left.
You knew the following spells:

 Your Spells              Type           Power      Damage    Failure   Level
a - Slow                  Hex            28%        N/A       10%         1

Your spell library contained the following spells:

 Spells                   Type           Power      Damage    Failure   Level
 Inner Flame              Hex/Fire       4%         N/A       43%         3
 Portal Projectile        Hex/Tloc       8%         N/A       43%         3
 Cause Fear               Hex            3%         N/A       67%         4

Inventory:

Hand Weapons
 Y - a +1 sling (weapon)
Armour
 c - a +0 robe (worn)
Scrolls
 a - a scroll of torment {unknown}
Potions
 e - a potion of ambrosia {unknown}
 f - 2 potions of curing {unknown}
 h - a potion of attraction {unknown}

Dungeon Overview and Level Annotations

Branches:
Dungeon (2/15)

Altars:

Annotations:
D:2 Sigmund


Message History

The sling bullet closely misses Sigmund.
Sigmund casts a spell at you.
You are confused.
Sigmund hits you from afar with a +0 scythe.
Sigmund hits you from afar with a +0 scythe!
Enter note:
Enter note:
Enter note:
Enter note:
Enter note:
Enter note:
Enter note:
Enter note: Sigmund barely misses you. Sigmund hits you but does no damage.
You feel less confused.
Sigmund hits you from afar with a +0 scythe.
1205 ||| DRINKING potion of heal wounds.
You feel much better.
Enter note:
Enter note:
Enter note:
Enter note: Sigmund casts a spell at you.
You are confused.
Sigmund hits you from afar with a +0 scythe.
Sigmund barely misses you. Sigmund completely misses you.
Sigmund hits you from afar with a +0 scythe!
You feel less confused. Sigmund gestures at you while chanting.
You are confused.
Sigmund closely misses you.
Sigmund is suddenly surrounded by pale red light.
Sigmund hits you from afar with a +0 scythe.
Sigmund asks, "Do you like me?" Sigmund completely misses you.
You feel less confused.
Sigmund hits you from afar with a +0 scythe!
You die...

### #.# ... #.#
..# #.# #.# #.#
#.# #.# #.# #.#
########.# #@#
.........# #.#
.#######.# #@#
.#######.#######.#
#................#
.#################
.# .# .# .# ##


You could see Sigmund.

Vanquished Creatures
  2 ball pythons (D:1)
  4 bats (D:1)
  4 endoplasms
  2 goblins (D:1)
  3 hobgoblins
  2 quokkas
  2 frilled lizards
  4 kobolds (D:1)
  6 rats
29 creatures vanquished.

Notes
Turn   | Place    | Note
-------+----------+-------------------------------------------
     0 | D:1      | qw the Gargoyle Hexslinger began the quest for the Orb.
     0 | D:1      | Reached XP level 1. HP: 12/12 MP: 2/2
     0 | D:1      | 0 ||| qw: Version: 0.3-a-52-g30416fa
     0 | D:1      | 0 ||| qw: Game counter: 7234
     0 | D:1      | 0 ||| qw: Melee chars always use a shield: true
     0 | D:1      | 0 ||| qw: God list: Okawaru
     0 | D:1      | 0 ||| qw: Allow faded altars: false
     0 | D:1      | 0 ||| qw: Do Orc after clearing Dungeon:15 true
     0 | D:1      | 0 ||| qw: Do second Lair branch before Depths: true
     0 | D:1      | 0 ||| qw: Lair rune preference: random
     0 | D:1      | 0 ||| qw: Goals: Normal
     0 | D:1      | 0 ||| PLANNING D:1-11
    47 | D:1      | Reached XP level 2. HP: 16/16 MP: 3/3
   240 | D:1      | Reached skill level 3 in Ranged Weapons
   259 | D:1      | You fall into a shaft and drop 1 floor!
   324 | D:2      | 324 ||| READING scroll labelled MIWURUISED.
   325 | D:2      | 325 ||| READING scroll labelled PANACOTW YZXU.
   330 | D:2      | 330 ||| DRINKING 2 black potions.
   331 | D:2      | 331 ||| DROPPING scroll of poison.
   332 | D:2      | 332 ||| Stepping randomly (stuck).
   333 | D:2      | 333 ||| Stepping randomly (stuck).
   334 | D:2      | 334 ||| Stepping randomly (stuck).
   335 | D:2      | 335 ||| Stepping randomly (stuck).
   336 | D:2      | 336 ||| Stepping randomly (stuck).
   337 | D:2      | 337 ||| Stepping randomly (stuck).
   338 | D:2      | 338 ||| Stepping randomly (stuck).
   339 | D:2      | 339 ||| Stepping randomly (stuck).
   340 | D:2      | 340 ||| Stepping randomly (stuck).
   341 | D:2      | 341 ||| Stepping randomly (stuck).
   342 | D:2      | 342 ||| Stepping randomly (stuck).
   343 | D:2      | 343 ||| Stepping randomly (stuck).
   344 | D:2      | 344 ||| Stepping randomly (stuck).
   345 | D:2      | 345 ||| Stepping randomly (stuck).
   346 | D:2      | 346 ||| Stepping randomly (stuck).
   347 | D:2      | 347 ||| Stepping randomly (stuck).
   348 | D:2      | 348 ||| Stepping randomly (stuck).
   349 | D:2      | 349 ||| Stepping randomly (stuck).
   350 | D:2      | 350 ||| Stepping randomly (stuck).
   351 | D:2      | 351 ||| Stepping randomly (stuck).
   352 | D:2      | 352 ||| Stepping randomly (stuck).
   353 | D:2      | 353 ||| Stepping randomly (stuck).
   354 | D:2      | 354 ||| Stepping randomly (stuck).
   355 | D:2      | 355 ||| Stepping randomly (stuck).
   356 | D:2      | 356 ||| Stepping randomly (stuck).
   357 | D:2      | 357 ||| Stepping randomly (stuck).
   358 | D:2      | 358 ||| Stepping randomly (stuck).
   359 | D:2      | 359 ||| Stepping randomly (stuck).
   360 | D:2      | 360 ||| Stepping randomly (stuck).
   361 | D:2      | 361 ||| Stepping randomly (stuck).
   362 | D:2      | 362 ||| Stepping randomly (stuck).
   363 | D:2      | 363 ||| Stepping randomly (stuck).
   364 | D:2      | 364 ||| Stepping randomly (stuck).
   365 | D:2      | 365 ||| Stepping randomly (stuck).
   366 | D:2      | 366 ||| Stepping randomly (stuck).
   367 | D:2      | 367 ||| Stepping randomly (stuck).
   368 | D:2      | 368 ||| Stepping randomly (stuck).
   369 | D:2      | 369 ||| Stepping randomly (stuck).
   370 | D:2      | 370 ||| Stepping randomly (stuck).
   371 | D:2      | 371 ||| Stepping randomly (stuck).
   372 | D:2      | 372 ||| Stepping randomly (stuck).
   373 | D:2      | 373 ||| Stepping randomly (stuck).
   374 | D:2      | 374 ||| Stepping randomly (stuck).
   375 | D:2      | 375 ||| Stepping randomly (stuck).
   376 | D:2      | 376 ||| Stepping randomly (stuck).
   377 | D:2      | 377 ||| Stepping randomly (stuck).
   378 | D:2      | 378 ||| Stepping randomly (stuck).
   379 | D:2      | 379 ||| Stepping randomly (stuck).
   380 | D:2      | 380 ||| Stepping randomly (stuck).
   381 | D:2      | 381 ||| Stepping randomly (stuck).
   382 | D:2      | 382 ||| Stepping randomly (stuck).
   383 | D:2      | 383 ||| Stepping randomly (stuck).
   384 | D:2      | 384 ||| Stepping randomly (stuck).
   385 | D:2      | 385 ||| Stepping randomly (stuck).
   386 | D:2      | 386 ||| Stepping randomly (stuck).
   387 | D:2      | 387 ||| Stepping randomly (stuck).
   388 | D:2      | 388 ||| Stepping randomly (stuck).
   389 | D:2      | 389 ||| Stepping randomly (stuck).
   390 | D:2      | 390 ||| Stepping randomly (stuck).
   391 | D:2      | 391 ||| Stepping randomly (stuck).
   392 | D:2      | 392 ||| Stepping randomly (stuck).
   393 | D:2      | 393 ||| Stepping randomly (stuck).
   394 | D:2      | 394 ||| Stepping randomly (stuck).
   395 | D:2      | 395 ||| Stepping randomly (stuck).
   396 | D:2      | 396 ||| Stepping randomly (stuck).
   397 | D:2      | 397 ||| Stepping randomly (stuck).
   398 | D:2      | 398 ||| Stepping randomly (stuck).
   399 | D:2      | 399 ||| Stepping randomly (stuck).
   400 | D:2      | 400 ||| Stepping randomly (stuck).
   401 | D:2      | 401 ||| Stepping randomly (stuck).
   402 | D:2      | 402 ||| Stepping randomly (stuck).
   403 | D:2      | 403 ||| Stepping randomly (stuck).
   404 | D:2      | 404 ||| Stepping randomly (stuck).
   405 | D:2      | 405 ||| Stepping randomly (stuck).
   406 | D:2      | 406 ||| Stepping randomly (stuck).
   407 | D:2      | 407 ||| Stepping randomly (stuck).
   408 | D:2      | 408 ||| Stepping randomly (stuck).
   409 | D:2      | 409 ||| Stepping randomly (stuck).
   410 | D:2      | 410 ||| Stepping randomly (stuck).
   411 | D:2      | 411 ||| Stepping randomly (stuck).
   412 | D:2      | 412 ||| Stepping randomly (stuck).
   413 | D:2      | 413 ||| Stepping randomly (stuck).
   414 | D:2      | 414 ||| Stepping randomly (stuck).
   415 | D:2      | 415 ||| Stepping randomly (stuck).
   416 | D:2      | 416 ||| Stepping randomly (stuck).
   417 | D:2      | 417 ||| Stepping randomly (stuck).
   418 | D:2      | 418 ||| Stepping randomly (stuck).
   419 | D:2      | 419 ||| Stepping randomly (stuck).
   420 | D:2      | 420 ||| Stepping randomly (stuck).
   421 | D:2      | 421 ||| Stepping randomly (stuck).
   422 | D:2      | 422 ||| Stepping randomly (stuck).
   423 | D:2      | 423 ||| Stepping randomly (stuck).
   424 | D:2      | 424 ||| Stepping randomly (stuck).
   425 | D:2      | 425 ||| Stepping randomly (stuck).
   426 | D:2      | 426 ||| Stepping randomly (stuck).
   427 | D:2      | 427 ||| Stepping randomly (stuck).
   428 | D:2      | 428 ||| Stepping randomly (stuck).
   429 | D:2      | 429 ||| Stepping randomly (stuck).
   430 | D:2      | 430 ||| Stepping randomly (stuck).
   431 | D:2      | 431 ||| Stepping randomly (stuck).
   432 | D:2      | 432 ||| Stepping randomly (stuck).
   433 | D:2      | 433 ||| Stepping randomly (stuck).
   434 | D:2      | 434 ||| Stepping randomly (stuck).
   435 | D:2      | 435 ||| Stepping randomly (stuck).
   436 | D:2      | 436 ||| Stepping randomly (stuck).
   437 | D:2      | 437 ||| Stepping randomly (stuck).
   438 | D:2      | 438 ||| Stepping randomly (stuck).
   439 | D:2      | 439 ||| Stepping randomly (stuck).
   440 | D:2      | 440 ||| Stepping randomly (stuck).
   441 | D:2      | 441 ||| Stepping randomly (stuck).
   442 | D:2      | 442 ||| Stepping randomly (stuck).
   443 | D:2      | 443 ||| Stepping randomly (stuck).
   444 | D:2      | 444 ||| Stepping randomly (stuck).
   445 | D:2      | 445 ||| Stepping randomly (stuck).
   446 | D:2      | 446 ||| Stepping randomly (stuck).
   447 | D:2      | 447 ||| Stepping randomly (stuck).
   448 | D:2      | 448 ||| Stepping randomly (stuck).
   449 | D:2      | 449 ||| Stepping randomly (stuck).
   450 | D:2      | 450 ||| Stepping randomly (stuck).
   451 | D:2      | 451 ||| Stepping randomly (stuck).
   452 | D:2      | 452 ||| Stepping randomly (stuck).
   453 | D:2      | 453 ||| Stepping randomly (stuck).
   454 | D:2      | 454 ||| Stepping randomly (stuck).
   455 | D:2      | 455 ||| Stepping randomly (stuck).
   456 | D:2      | 456 ||| Stepping randomly (stuck).
   457 | D:2      | 457 ||| Stepping randomly (stuck).
   458 | D:2      | 458 ||| Stepping randomly (stuck).
   459 | D:2      | 459 ||| Stepping randomly (stuck).
   460 | D:2      | 460 ||| Stepping randomly (stuck).
   461 | D:2      | 461 ||| Stepping randomly (stuck).
   462 | D:2      | 462 ||| Stepping randomly (stuck).
   463 | D:2      | 463 ||| Stepping randomly (stuck).
   464 | D:2      | 464 ||| Stepping randomly (stuck).
   465 | D:2      | 465 ||| Stepping randomly (stuck).
   466 | D:2      | 466 ||| Stepping randomly (stuck).
   467 | D:2      | 467 ||| Stepping randomly (stuck).
   468 | D:2      | 468 ||| Stepping randomly (stuck).
   469 | D:2      | 469 ||| Stepping randomly (stuck).
   470 | D:2      | 470 ||| Stepping randomly (stuck).
   471 | D:2      | 471 ||| Stepping randomly (stuck).
   472 | D:2      | 472 ||| Stepping randomly (stuck).
   473 | D:2      | 473 ||| Stepping randomly (stuck).
   474 | D:2      | 474 ||| Stepping randomly (stuck).
   475 | D:2      | 475 ||| Stepping randomly (stuck).
   476 | D:2      | 476 ||| Stepping randomly (stuck).
   477 | D:2      | 477 ||| Stepping randomly (stuck).
   478 | D:2      | 478 ||| Stepping randomly (stuck).
   479 | D:2      | 479 ||| Stepping randomly (stuck).
   480 | D:2      | 480 ||| Stepping randomly (stuck).
   481 | D:2      | 481 ||| Stepping randomly (stuck).
   482 | D:2      | 482 ||| Stepping randomly (stuck).
   483 | D:2      | 483 ||| Stepping randomly (stuck).
   484 | D:2      | 484 ||| Stepping randomly (stuck).
   485 | D:2      | 485 ||| Stepping randomly (stuck).
   486 | D:2      | 486 ||| Stepping randomly (stuck).
   487 | D:2      | 487 ||| Stepping randomly (stuck).
   488 | D:2      | 488 ||| Stepping randomly (stuck).
   489 | D:2      | 489 ||| Stepping randomly (stuck).
   490 | D:2      | 490 ||| Stepping randomly (stuck).
   491 | D:2      | 491 ||| Stepping randomly (stuck).
   492 | D:2      | 492 ||| Stepping randomly (stuck).
   493 | D:2      | 493 ||| Stepping randomly (stuck).
   494 | D:2      | 494 ||| Stepping randomly (stuck).
   495 | D:2      | 495 ||| Stepping randomly (stuck).
   496 | D:2      | 496 ||| Stepping randomly (stuck).
   497 | D:2      | 497 ||| Stepping randomly (stuck).
   498 | D:2      | 498 ||| Stepping randomly (stuck).
   499 | D:2      | 499 ||| Stepping randomly (stuck).
   500 | D:2      | 500 ||| Stepping randomly (stuck).
   501 | D:2      | 501 ||| Stepping randomly (stuck).
   502 | D:2      | 502 ||| Stepping randomly (stuck).
   503 | D:2      | 503 ||| Stepping randomly (stuck).
   504 | D:2      | 504 ||| Stepping randomly (stuck).
   505 | D:2      | 505 ||| Stepping randomly (stuck).
   506 | D:2      | 506 ||| Stepping randomly (stuck).
   507 | D:2      | 507 ||| Stepping randomly (stuck).
   508 | D:2      | 508 ||| Stepping randomly (stuck).
   509 | D:2      | 509 ||| Stepping randomly (stuck).
   510 | D:2      | 510 ||| Stepping randomly (stuck).
   511 | D:2      | 511 ||| Stepping randomly (stuck).
   512 | D:2      | 512 ||| Stepping randomly (stuck).
   513 | D:2      | 513 ||| Stepping randomly (stuck).
   514 | D:2      | 514 ||| Stepping randomly (stuck).
   515 | D:2      | 515 ||| Stepping randomly (stuck).
   516 | D:2      | 516 ||| Stepping randomly (stuck).
   517 | D:2      | 517 ||| Stepping randomly (stuck).
   518 | D:2      | 518 ||| Stepping randomly (stuck).
   519 | D:2      | 519 ||| Stepping randomly (stuck).
   520 | D:2      | 520 ||| Stepping randomly (stuck).
   521 | D:2      | 521 ||| Stepping randomly (stuck).
   522 | D:2      | 522 ||| Stepping randomly (stuck).
   523 | D:2      | 523 ||| Stepping randomly (stuck).
   524 | D:2      | 524 ||| Stepping randomly (stuck).
   525 | D:2      | 525 ||| Stepping randomly (stuck).
   526 | D:2      | 526 ||| Stepping randomly (stuck).
   527 | D:2      | 527 ||| Stepping randomly (stuck).
   528 | D:2      | 528 ||| Stepping randomly (stuck).
   529 | D:2      | 529 ||| Stepping randomly (stuck).
   530 | D:2      | 530 ||| Stepping randomly (stuck).
   531 | D:2      | 531 ||| Stepping randomly (stuck).
   532 | D:2      | 532 ||| Stepping randomly (stuck).
   533 | D:2      | 533 ||| Stepping randomly (stuck).
   534 | D:2      | 534 ||| Stepping randomly (stuck).
   535 | D:2      | 535 ||| Stepping randomly (stuck).
   536 | D:2      | 536 ||| Stepping randomly (stuck).
   537 | D:2      | 537 ||| Stepping randomly (stuck).
   538 | D:2      | 538 ||| Stepping randomly (stuck).
   539 | D:2      | 539 ||| Stepping randomly (stuck).
   637 | D:1      | Reached XP level 3. HP: 21/21 MP: 4/4
   862 | D:1      | 862 ||| READING scroll labelled KUVEZU JA QEO.
  1191 | D:2      | Noticed Sigmund
  1204 | D:2      | HP: 4/21 [Sigmund/+0 scythe (3)]
  1205 | D:2      | 1205 ||| DRINKING potion of heal wounds.
  1217 | D:2      | HP: 5/21 [Sigmund/+0 scythe (5)]
  1220 | D:2      | Slain by Sigmund

Levels and vault maps discovered:
D:1:      onia_arrival_handbag, layout_loops_cross
D:2:      layout_loops_ring, serial_shops, shop, minivault_4,
          small_statue_intersection, minmay_misc_feat_iff,
          palyth_stone_intersect, uniq_crazy_yiuf_cottage, uniq_sigmund

Skill      XL: |  1  2 |
---------------+-------+-----
Ranged Weapons | 3 |  3.2
Fighting       | 2 |  2.0
Dodging        | |  1.5
Spellcasting   | |  1.0
Hexes          | |  2.6

Action                     || total
---------------------------++-------
   Fire: Sling             ||    78
    Use: Scroll            ||     3
         Potion            ||     2
 Armour: Robe              ||     6
  Dodge: Dodged            ||    17

Table legend:
 A = Non-vault XP
 B = Vault XP
 C = Vault XP percentage of total XP
 D = Non-vault monster count
 E = Vault monster count
 F = Vault count percentage of total count
                 A         B        C        D         E       F
            +---------+---------+-------+---------+---------+-------
      Total |      39 |       6 |  13.3 |      25 |       4 |  13.8
            +---------+---------+-------+---------+---------+-------
        D:1 |      28 |       6 |  17.6 |      18 |       4 |  18.2
        D:2 |      11 |       0 |   0.0 |       7 |       0 |   0.0
            +---------+---------+-------+---------+---------+-------
